 Dungeon Crawl Stone Soup version 0.31-a0-1164-geb876a3 (webtiles) character file.

Game seed: 1939919475621080762

1780 fkdlfkdlfn the Grappler (level 8, 0/76 (78) HPs)
             Began as a Troll Fighter on Dec 9, 2023.
             Was an Initiate of Ru.
             Slain by a wight
             ... wielding a +5 great sword of freezing
              (2 damage)
             ... on level 6 of the Dungeon.
             The game lasted 00:12:44 (6042 turns).

fkdlfkdlfn the Grappler (Troll Fighter)             Turns: 6042, Time: 00:12:45

HP:   0/76 (78)     AC:  7    Str: 27    XL:     8   Next: 81%
MP:   7/7           EV:  7    Int:  4    God:    Ru [......]
Gold: 308           SH: 13    Dex:  9    Spells: 7/7 levels left

rFire   . .          .
                       - Unarmed
rCold   + . .        a - +0 tower shield
rNeg    + . .        t - +2 animal skin
rPois   .            (helmet restricted)
rElec   .            r - +0 cloak
rCorr   .            (gloves unavailable)
SInv    .            (boots unavailable)
Will    .....        (no amulet)
Stlth   +            l - ring of positive energy
HPRegen 1.12/turn    q - ring of protection from cold
MPRegen 0.10/turn

%: no passive effects
@: mighty, lightly drained
A: large, unfitting armour, claws 3, regeneration 1, shaggy fur 1, tough skin 1
a: Renounce Religion


You were on level 6 of the Dungeon.
You worshipped Ru.
Ru was noncommittal.
You visited 2 branches of the dungeon, and saw 7 of its levels.
You also visited: Sewer.

You collected 308 gold pieces.

Inventory:

Missiles
 y - a throwing net
Armour
 a - a +0 tower shield (worn)
 r - a +0 cloak (worn)
 t - a +2 animal skin (worn)
Jewellery
 l - a ring of positive energy (left claw)
 q - a ring of protection from cold (right claw)
Wands
 g - a wand of flame (24) (quivered)
 s - a wand of polymorph (17)
 x - a wand of roots (1)
Scrolls
 b - a scroll of butterflies {unknown}
 e - 2 scrolls of fog {unknown}
 f - 9 scrolls of teleportation
 h - 2 scrolls of enchant weapon
 j - 2 scrolls of amnesia {unknown}
 k - 2 scrolls of fear {unknown}
 m - a scroll of enchant armour {unknown}
 p - 6 scrolls of identify {unknown}
 u - a scroll of acquirement {unknown}
 A - a scroll of silence {unknown}
Potions
 c - a potion of might
 d - a potion of magic {unknown}
 i - 3 potions of lignification {unknown}
 n - 3 potions of enlightenment
 o - 3 potions of mutation
 v - 2 potions of cancellation {unknown}
 w - 3 potions of heal wounds {unknown}
 z - 2 potions of haste {unknown}


   Skills:
 * Level 4.2 Fighting
 - Level 2.4 Dodging
 * Level 6.1 Shields
 * Level 9.0 Unarmed Combat


You had 7 spell levels left.
You didn't know any spells.
Your spell library contained the following spells:

 Spells                   Type           Power      Damage    Failure   Level
 Poisonous Vapours        Pois/Air       0%         N/A       98%         2
 Mephitic Cloud           Conj/Pois/Air  0%         N/A       100%        3
 Freezing Cloud           Conj/Ice/Air   0%         6-21      100%        5
 Conjure Ball Lightning   Conj/Air       0%         3x3d6     100%        6
 Discord                  Hex            0%         N/A       100%        8
 Disjunction              Tloc           0%         N/A       100%        8


Dungeon Overview and Level Annotations

Branches:
Dungeon (6/15)             Temple (1/1) D:5           Sewer (visited)

Altars:
Ashenzari
Cheibriados
Dithmenos
Elyvilon
Fedhas
Kikubaaqudgha
Okawaru
Qazlal
Ru
Sif Muna
Trog
Uskayaw
Wu Jian
Xom
Yredelemnul
The Shining One

Shops:
D:4 =


Innate Abilities, Weirdness & Mutations

You are too large for most types of armour.
You have claws for hands.
Your natural rate of healing is unusually fast.
You are covered in fur. (AC +1)
You have tough skin. (AC +1)


Message History

You block the wight's attack. x2
You barely miss the wight.
The wight is severely damaged.
The wight hits you with a +5 great sword of freezing!
The wight freezes you.
You closely miss the wight.
The wight is severely damaged.
The wight hits you with a +5 great sword of freezing!
The wight freezes you. You block the wight's attack. x3
The wight hits you with a +3 battleaxe. You partially resist.
You feel drained.
The wight hits you with a +5 great sword of freezing!
You are too injured to fight recklessly!
You are too injured to fight recklessly!
You are too injured to fight recklessly!
The wight attacks as it pursues you!
The wight hits you with a +5 great sword of freezing!
* * * LOW HITPOINT WARNING * * *
The wight freezes you.
* * * LOW HITPOINT WARNING * * *
The wight attacks as it pursues you! The wight hits you with a +3 battleaxe.
* * * LOW HITPOINT WARNING * * *
You partially resist.
You feel drained.
* * * LOW HITPOINT WARNING * * *
Okay, then.
You feel very mighty all of a sudden. The wight hits you with a +3 battleaxe.
* * * LOW HITPOINT WARNING * * *
You partially resist.
You feel drained.
You scratch the wight.
The wight is almost destroyed.
The wight barely misses you. You block the wight's attack.
You claw the wight!
You destroy the wight!
You block the wight's attack.
Your Unarmed Combat skill increases to level 9!
The wight attacks as it pursues you!
The wight hits you with a +5 great sword of freezing!
* * * LOW HITPOINT WARNING * * *
The wight freezes you.
You die...

#................####....#.....
#...#................###....##.
#..###....####...[...###....###
#..# #...## #.#.........#...#.>
#..# #..## ####..............#
#..# #...####.##.......##.....#
#..# #.................###..#.#
##........zz.#....# #.....
########@#...####. ..#...
####..# .. ..... #..# .## >...
#.... # .....# # .......
........$ #......... #.......##


You could see 2 wights.

Vanquished Creatures
  Sigmund (D:3)
  Menkaure (D:4)
  A water moccasin (D:6)
  A black bear (D:6)
  2 centaurs (D:6)
  A phantom (D:6)
  A brain worm (Sewer)
  Blork the orc (D:4)
  2 scorpions (D:5)
  A wight (D:6)
  A hound (D:5)
  2 jellies
  A sleepcap (D:6)
  Natasha (thrice) (D:4)
  Terence (D:3)
  5 iguanas
  4 orc wizards
  Robin (D:4)
  5 gnolls (D:5)
  13 adders
  A shadow imp (D:6)
  A white imp (D:5)
  A worm (Sewer)
  A dart slug (D:5)
  14 orcs
  7 endoplasms
  3 giant cockroaches
  19 goblins
  6 hobgoblins
  5 jackals
  2 kobolds (D:1)
  5 quokkas
  11 ball pythons
  15 bats
  4 frilled lizards
  5 rats
148 creatures vanquished.

Notes
Turn   | Place    | Note
-------+----------+-------------------------------------------
     0 | D:1      | fkdlfkdlfn the Troll Fighter began the quest for the Orb.
     0 | D:1      | Reached XP level 1. HP: 22/22 MP: 0/0
    98 | D:1      | Reached XP level 2. HP: 29/29 MP: 1/1
   738 | D:2      | Reached XP level 3. HP: 35/36 MP: 2/2
  1712 | D:3      | Reached skill level 3 in Unarmed Combat
  1727 | D:3      | Found a glowing drain.
  1730 | D:3      | Reached XP level 4. HP: 37/45 MP: 3/3
  1740 | Sewer    | Entered a sewer
  2014 | Sewer    | Reached XP level 5. HP: 53/53 MP: 4/4
  2074 | Sewer    | Reached skill level 4 in Unarmed Combat
  2422 | D:3      | Noticed Sigmund
  2521 | D:3      | Noticed Terence
  2535 | D:3      | Killed Terence
  2585 | D:3      | Identified the +1 mace "Acuuth" {protect, rF+ rC- Str+2
                  | Dex+4}
  2673 | D:3      | Reached XP level 6. HP: 55/61 MP: 5/5
  2699 | D:3      | Killed Sigmund
  2700 | D:3      | Reached skill level 5 in Unarmed Combat
  3175 | D:4      | Reached XP level 7. HP: 55/67 MP: 6/6
  3298 | D:4      | Noticed Robin
  3320 | D:4      | Killed Robin
  3346 | D:4      | Found Zemooqia's Jewellery Shop.
  3425 | D:4      | Noticed Blork the orc
  3435 | D:4      | Killed Blork the orc
  3436 | D:4      | Reached skill level 6 in Unarmed Combat
  3707 | D:4      | Noticed Menkaure
  3714 | D:4      | Killed Menkaure
  3715 | D:4      | Reached skill level 5 in Shields
  3765 | D:4      | Noticed Natasha
  3950 | D:4      | Killed Natasha
  4118 | D:4      | Noticed Natasha
  4122 | D:4      | Killed Natasha
  4159 | D:4      | Noticed Natasha
  4178 | D:4      | Killed Natasha
  4258 | D:5      | Entered Level 5 of the Dungeon
  4357 | D:5      | Reached skill level 7 in Unarmed Combat
  4571 | D:5      | Reached XP level 8. HP: 78/78 MP: 7/7
  4590 | D:5      | Found a staircase to the Ecumenical Temple.
  4596 | Temple   | Entered the Ecumenical Temple
  4607 | Temple   | Became a worshipper of Ru the Awakened
  5028 | D:5      | Found a shimmering blue altar of Sif Muna.
  5322 | D:6      | Reached skill level 8 in Unarmed Combat
  6042 | D:6      | Reached skill level 9 in Unarmed Combat
  6042 | D:6      | HP: 2/76 [wight/+5 great sword of freezing (12)]
  6042 | D:6      | Slain by a wight

Illustrated notes

Levels and vault maps discovered:
D:1:      ldierk_walled_garden, layout_rooms, serial_bayou_pond_a,
          chequers_serial_rivers_large_a, dk_noncrumbling_3,
          chequers_serial_rivers_small_3, kennysheep_pointless_box
D:2:      layout_basic, minmay_between
D:3:      kennysheep_big_flooded_room, layout_basic, portal_sewer_entry_d,
          uniq_terence, uniq_sigmund
D:4:      layout_cave_pods, nicolae_stop_n_shop_1, nicolae_zig_zag_zippers,
          uniq_natasha, uniq_menkaure, uniq_blork_the_orc, uniq_robin
D:5:      layout_basic, nicolae_sif_muna_condensation, minmay_temple_entry_hall
D:6:      layout_layer_cave, gammafunk_temple_overflow_statue
Temple:   minmay_freezing_vapour_temple

Skill      XL: |  1  2  3  4  5  6  7  8 |
---------------+-------------------------+-----
Shields        | 3 4 5 6 |  6.1
Fighting       | 3 4 |  4.2
Unarmed Combat | 3 4 5 7 9 |  9.0
Dodging        | |  2.4

Action                     |  1- 3 |  4- 6 |  7- 9 || total
---------------------------+-------+-------+-------++-------
  Melee: Unarmed           |   100 |   151 |   197 ||   448
    Use: Scroll            |       |     2 |       ||     2
         Potion            |       |       |     1 ||     1
 Armour: Robe              |    52 |   133 |    47 ||   232
         Animal skin       |       |       |    97 ||    97
         Skin              |       |       |    11 ||    11
  Dodge: Dodged            |    22 |    84 |    79 ||   185
  Block: Kite shield       |    20 |    91 |    77 ||   188
         Tower shield      |       |       |    44 ||    44

Table legend: (Time is in decaauts)
 A = Elapsed time spent in this place.
 B = Non-inter-level travel time spent in this place.
 C = Inter-level travel time spent in this place.
 D = Time resting spent in this place.
 E = Time spent auto-exploring this place.
 F = Levels seen in this place.
 G = Mean time per level.
                   A        B        C        D        E       F      G
               +--------+--------+--------+--------+--------+-----+--------+
         Total |   6067 |   5925 |    142 |    102 |   4581 |   8 |  758.4 |
       Dungeon |   5384 |   5246 |    138 |    102 |   4244 |   6 |  897.3 |
        Temple |     16 |     12 |      4 |      0 |      0 |   1 |   16.0 |
         Sewer |    667 |    667 |      0 |      0 |    337 |   1 |  667.0 |
               +--------+--------+--------+--------+--------+-----+--------+

Top non-repeatable levels by time:
     D:2: 1042 daAuts
     D:4: 1031 daAuts
     D:5: 998 daAuts
     D:3: 850 daAuts
     D:6: 769 daAuts
     D:1: 691 daAuts
   Sewer: 667 daAuts
  Temple: 16 daAuts
